AoeStats
← bensigvald

Black Forest

509601818Analyzed
4v4 RM · 6d ago on Sep 27, 2026· 62m 59s· 8 players
Game mode
Random Map
Map size
Large (8 player)
Population
200
Speed
Normal
Resources
Standard
Victory
Conquest
Starting age
Dark Age
Ending age
Imperial Age
RankedLock teamsTeams togetherTeam positionsShared explorationLock speedFull tech treeHidden civsTurbo modeCheats
Victory
Defeat
🇲🇽 Saxons · Mexico
745
+6
🇫🇷 Bulgarians · France
696
+7
🇩🇰 Varangians · Denmark
690
+7
🇹🇷 Turks · Türkiye
663
+8
🇳🇴 Franks · Norway
610
-11
🇹🇷 Britons · Türkiye
442
-6
🇲🇽 Sicilians · Mexico
423
-6
🇩🇪 Burgundians · Germany
407
-5
Zeru
11:29 Feudal Age
12:15 Horse Collar
12:29 Double-Bit Axe
17:33 Wheelbarrow
16:45 Town Watch
20:48 Arson
24:40 Castle Age
25:38 Hand Cart
26:27 Heavy Plow
26:39 Bow Saw
26:46 Fervor
27:32 Gold Mining
27:32 Stone Mining
30:28 Forging
30:19 Scale Mail Armor
30:19 Padded Archer Armor
30:10 Fletching
30:25 Scale Barding Armor
31:56 Gold Shaft Mining
32:05 Hand Cart
32:41 Caravan
33:31 Crossbowman
34:13 Husbandry
35:09 Yeomen
35:23 Town Patrol
35:08 Loom
36:54 Leather Archer Armor
36:36 Bodkin Arrow
41:07 Imperial Age
39:31 Chain Mail Armor
39:52 Iron Casting
41:16 Elite Longbowman
42:20 Conscription
42:03 Warwolf
41:49 Arbalester
44:31 Ring Archer Armor
44:58 Cavalier
45:42 Bracer
46:43 Blast Furnace
46:13 Plate Mail Armor
46:04 Chain Barding Armor
47:36 Two-Man Saw
50:04 Chemistry
49:26 Ballistics
48:48 Treadmill Crane
KrawatteFaser37
0:46 Loom
4:16 Double-Bit Axe
8:21 Wheelbarrow
10:14 Horse Collar
13:34 Feudal Age
14:35 Hand Cart
14:24 Heavy Plow
15:43 Town Watch
16:14 Man-at-Arms
17:53 Bow Saw
27:21 Castle Age
26:29 Padded Archer Armor
26:20 Fletching
26:43 Forging
28:05 Scale Barding Armor
28:17 Husbandry
27:38 Light Cavalry
28:52 Crop Rotation
27:52 Elite Skirmisher
28:51 Crossbowman
29:46 Bodkin Arrow
31:20 Fortified Wall
32:30 Leather Archer Armor
32:17 Scale Mail Armor
33:54 Chain Barding Armor
35:15 Two-Man Saw
35:06 Iron Casting
35:55 Ballistics
35:46 Burgundian Vineyards
36:05 Squires
35:51 Arson
36:53 Chain Mail Armor
37:45 Masonry
37:18 Treadmill Crane
37:35 Murder Holes
37:58 Pikeman
37:59 Long Swordsman
47:34 Imperial Age
49:46 Chemistry
48:10 Hussar
49:41 Plate Barding Armor
49:38 Plate Mail Armor
50:46 Two-Handed Swordsman
52:27 Bracer
56:02 Flemish Revolution
bensigvald
0:39 Loom
14:14 Feudal Age
15:38 Wheelbarrow
14:49 Town Watch
20:19 Double-Bit Axe
26:05 Castle Age
27:22 Bow Saw
30:44 Hand Cart
31:55 Stone Mining
31:56 Gold Mining
34:41 Caravan
eduardolucifer30
0:33 Loom
11:41 Feudal Age
15:23 Horse Collar
25:46 Wheelbarrow
25:27 Double-Bit Axe
27:03 Gold Mining
33:18 Castle Age
31:41 Padded Archer Armor
33:51 Stone Mining
35:46 Caravan
35:59 Crossbowman
37:22 Leather Archer Armor
37:08 Scale Mail Armor
38:46 Heavy Plow
41:26 Gold Shaft Mining
40:19 Light Cavalry
42:30 Hand Cart
43:40 Pikeman
45:02 Husbandry
44:56 Fletching
45:25 Scale Barding Armor
45:35 Chain Mail Armor
45:36 Bloodlines
46:48 Stone Shaft Mining
50:17 Coinage
53:46 Imperial Age
ostiinn
0:33 Loom
17:09 Feudal Age
21:28 Castle Age
22:35 Horse Collar
22:43 Double-Bit Axe
23:36 Wheelbarrow
22:55 Gold Mining
24:06 Bow Saw
36:45 Imperial Age
35:01 Caravan
36:46 Capped Ram
36:51 Shield Wall
37:53 Conscription
39:02 Two-Man Saw
37:44 Elite Hearth Troop
40:26 Heavy Plow
40:56 Squires
41:00 Scale Mail Armor
41:10 Forging
40:56 Siege Ram
42:53 Pikeman
44:37 Iron Casting
43:38 Halberdier
46:32 Chain Mail Armor
55:16 Plate Mail Armor
59:51 Spies/Treason
Dmitry Petrovich
18:10 Loom
19:59 Feudal Age
24:15 Double-Bit Axe
24:23 Gold Mining
24:26 Stone Mining
25:11 Fletching
25:21 Padded Archer Armor
25:38 Forging
25:29 Scale Mail Armor
25:34 Scale Barding Armor
27:37 Castle Age
30:54 Wheelbarrow
30:04 Town Watch
30:28 Horse Collar
31:27 Gold Shaft Mining
30:50 Bodkin Arrow
31:10 Leather Archer Armor
33:40 Treadmill Crane
34:21 Ballistics
33:57 Murder Holes
34:14 Masonry
36:43 Imperial Age
35:27 Hand Cart
35:13 Town Patrol
35:21 Caravan
35:53 Coinage
37:29 Elite Janissary
38:24 Arrowslits
40:21 Heavy Plow
47:04 Architecture
46:26 Heated Shot
46:47 Fortified Wall
florent.toto
0:33 Loom
13:40 Feudal Age
14:59 Town Watch
15:07 Double-Bit Axe
21:54 Castle Age
20:56 Horse Collar
21:10 Stone Mining
23:30 Wheelbarrow
24:24 Stone Shaft Mining
24:38 Heavy Plow
30:50 Bow Saw
30:36 Gold Mining
32:56 Gold Shaft Mining
33:44 Hand Cart
37:12 Imperial Age
34:21 Pikeman
35:03 Squires
35:08 Scale Mail Armor
35:09 Padded Archer Armor
35:00 Fletching
35:16 Scale Barding Armor
35:21 Forging
36:32 Gambesons
37:38 Stirrups
38:45 Conscription
38:31 Caravan
38:44 Masonry
38:29 Guard Tower
39:16 Crop Rotation
39:53 Ballistics
39:24 Heated Shot
41:40 Town Patrol
41:35 Elite Konnik
42:01 Capped Ram
45:06 Siege Ram
45:14 Cavalier
45:56 Husbandry
45:19 Light Cavalry
46:14 Bloodlines
45:30 Light Cavalry
47:23 Chemistry
46:20 Murder Holes
46:51 Chain Barding Armor
50:56 Bagains
BlacKHazE.
2:02 Loom
4:58 Loom
18:12 Feudal Age
19:04 Double-Bit Axe
19:03 Horse Collar
19:15 Gold Mining
19:16 Stone Mining
20:04 Wheelbarrow
23:25 Scale Mail Armor
23:36 Forging
24:17 Arson
27:17 Castle Age
25:12 Fletching
28:25 Castle Age
30:37 Stone Shaft Mining
31:06 Chain Mail Armor
31:27 Iron Casting
31:01 Caravan
31:36 Hand Cart
31:34 Fortified Wall
31:05 Treadmill Crane
31:38 Fortified Wall
32:02 Bow Saw
32:02 Gambesons
32:20 Squires
35:36 Imperial Age
33:47 Heavy Plow
34:02 Masonry
34:18 Bodkin Arrow
34:21 Murder Holes
34:46 Ballistics
36:44 Elite Varangian Guard
37:47 Conscription
38:48 Chemistry
40:28 Two-Man Saw
40:09 Crop Rotation
41:20 Plate Mail Armor
41:51 Blast Furnace
40:58 Gothikon
42:42 Town Watch
44:04 Architecture
46:56 Siege Engineers
56:31 Bracer
56:33 Town Patrol
62:15 Spies/Treason
62:17 Elite Jarl
62:17 Vendel Legacy
Connection lost

Rejoining the realm…

Still unreachable

The connection could not be restored.

Session expired

The server has moved on; the page needs a fresh start.